 Dungeon Crawl Stone Soup version 0.31-a0-516-gfcb59812bd (webtiles) character file.

Game seed: 15813441603812757456

392 Gargoyl the Chopper (level 6, -2/39 HPs)
             Began as a Gargoyle Berserker on Aug 10, 2023.
             Was a Follower of Trog.
             Slain by an ogre
             ... wielding a +0 giant club
              (14 damage)
             ... on level 6 of the Dungeon.
             The game lasted 00:03:19 (2247 turns).

Gargoyl the Chopper (Gargoyle Berserker)            Turns: 2247, Time: 00:03:20

Health: -2/39      AC: 12    Str: 21    XL:     6   Next: 80%
Magic:  6/6        EV: 16    Int:  7    God:    Trog [*.....]
Gold:   169        SH:  0    Dex: 11    Spells: 5/5 levels left

rFire   . . .        a - +1 hand axe
rCold   . . .        (no shield)
rNeg    + . .        j - +0 ring mail
rPois   ∞            (no helmet)
rElec   +            (no cloak)
rCorr   .            (no gloves)
SInv    .            f - +1 pair of boots
Will    .....        (no amulet)
Stlth   +            h - +5 ring of evasion
HPRegen 0.26/turn    (no ring)
MPRegen 0.10/turn

%: no passive effects
@: on berserk cooldown, slowed, very slow
A: sickness immunity, AC +4, negative energy resistance 1, electricity
resistance, torment resistance 1, petrification resistance
a: Renounce Religion, Berserk


You were on level 6 of the Dungeon.
You worshipped Trog.
Trog was aware of your devotion.
You visited 1 branch of the dungeon, and saw 4 of its levels.

You collected 169 gold pieces.

Inventory:

Hand Weapons
 a - a +1 hand axe (weapon)
Armour
 f - a +1 pair of boots (worn)
 j - a +0 ring mail (worn)
Jewellery
 h - a +5 ring of evasion (left hand)
Scrolls
 b - 2 scrolls of noise
 c - a scroll of identify
 g - a scroll of revelation
 k - a scroll of amnesia {unknown}
Potions
 l - a potion of brilliance


   Skills:
 + Level 4.7 Fighting
 + Level 5.0 Axes
 + Level 2.6 Armour
 + Level 2.8 Dodging
 + Level 1.7 Stealth


You had 5 spell levels left.
You didn't know any spells.
Your spell library was empty.

Dungeon Overview and Level Annotations

Branches:
Dungeon (3/15)

Altars:

Shops:
D:2 ==*

Annotations:
D:6 Edmund


Innate Abilities, Weirdness & Mutations

You are immune to sickness and miasma.
Your stone body is resilient. (AC +4)
You are immune to poison.
You resist negative energy. (rN+)
You are resistant to electric shocks. (rElec)
You are resistant to unholy torment.
You are immune to petrification.


Message History

You are no longer berserk.
You are exhausted.
You feel yourself slow down.
Blork the orc hits you with a +1 flail of protection.
* * * LOW HITPOINT WARNING * * *
Blork the orc completely misses you.
Okay, then.
Okay, then.
You closely miss Blork the orc.
Blork the orc is almost dead.
Blork the orc hits you with a +1 flail of protection.
* * * LOW HITPOINT WARNING * * *
Blork the orc completely misses you.
Unknown command.
You hit Blork the orc.
You kill Blork the orc!
Trog accepts your kill.
Trog appreciates your killing of a magic user.
Your Axes skill increases to level 5!
Things that are here:
a +1 flail of protection; a +0 robe An ogre is nearby!
The ogre shouts!
You see here an adder corpse.
The ogre attacks as you move away! The ogre barely misses you.
Okay, then.
Okay, then.
You slash the ogre!
The ogre is moderately wounded.
The ogre closely misses you.
You closely miss the ogre.
The ogre is moderately wounded.
The ogre completely misses you.
You hit the ogre but do no damage.
The ogre is moderately wounded.
The ogre closely misses you.
You hit the ogre.
The ogre is heavily wounded.
The ogre hits you with a +0 giant club!
You die...

###########
#.........#
#.#######.# #@#
#.# #O# #.#####..#
#.# #........# #.#
#..##..... #.#
#...#.###.
#.#######.#...#
#...O.......#.#
#####†##.[.##...
####..)##..##.....


You could see an ogre.

Vanquished Creatures
  Sigmund (D:2)
  An ice beast (D:6)
  Blork the orc (D:6)
  3 adders
  3 worms
  2 dart slugs (D:1)
  An orc (D:3)
  2 ball pythons (D:2)
  7 endoplasms
  2 giant cockroaches (D:2)
  4 goblins
  A hobgoblin (D:1)
  2 quokkas
  2 bats (D:2)
  7 kobolds
  3 rats
42 creatures vanquished.

Notes
Turn   | Place    | Note
-------+----------+-------------------------------------------
     0 | D:1      | Gargoyl the Gargoyle Berserker began the quest for the Orb.
     0 | D:1      | Reached XP level 1. HP: 14/14 MP: 1/1
   293 | D:1      | Reached XP level 2. HP: 19/19 MP: 2/2
   419 | D:1      | Reached skill level 3 in Axes
   828 | D:2      | Reached XP level 3. HP: 13/24 MP: 3/3
   880 | D:2      | Found a faded altar of an unknown god.
  1087 | D:2      | Found Yfilon's Jewellery Shoppe.
  1101 | D:2      | Noticed Sigmund
  1111 | D:2      | Killed Sigmund
  1112 | D:2      | Reached skill level 4 in Axes
  1112 | D:2      | Reached skill level 1 in Stealth
  1112 | D:2      | Reached XP level 4. HP: 26/30 MP: 4/4
  1112 | D:2      | Reached XP level 5. HP: 29/34 MP: 5/5
  1270 | D:2      | Found Buem's General Store.
  1384 | D:2      | Found Yxoulann's Jewellery Emporium.
  1942 | D:3      | Reached XP level 6. HP: 37/39 MP: 6/6
  2007 | D:3      | You fall into a shaft and drop 3 floors!
  2047 | D:6      | Noticed an ice beast
  2053 | D:6      | Killed an ice beast
  2085 | D:6      | Noticed Edmund
  2203 | D:6      | Noticed Blork the orc
  2231 | D:6      | Killed Blork the orc
  2232 | D:6      | Reached skill level 5 in Axes
  2247 | D:6      | Slain by an ogre

Illustrated notes

Levels and vault maps discovered:
D:1:      minmay_arrival_stair_chambers, layout_basic, serial_corexii_hall,
          corexii_hall_statues_l, corexii_hall_statues_i
D:2:      layout_basic, basic_ecumenical_altar, serial_shops,
          nicolae_shop_advertising_works [nicolae_subvault_shop_adworks],
          nicolae_shop_behind_doors, shop, grunt_ministairs_2, nrook_campfire,
          minmay_vboxes, uniq_sigmund
D:3:      layout_basic, nicolae_kite_square_tiling_tiny, minmay_surrounded
D:6:      layout_loops_ring, minmay_temple_entry_junction, serial_shops, shop,
          minivault_11, uniq_pikel, uniq_edmund, uniq_blork_the_orc

Skill      XL: |  1  2  3  4  5  6 |
---------------+-------------------+-----
Axes           | 3 4 5 |  5.0
Fighting       | 4 |  4.7
Dodging        | 2 |  2.8
Stealth        | 1 |  1.7
Armour         | |  2.6

Action                     |  1- 3 |  4- 6 || total
---------------------------+-------+-------++-------
  Melee: Hand axe          |    90 |    89 ||   179
 Invoke: Berserk           |     1 |     2 ||     3
    Use: Scroll            |     4 |     3 ||     7
         Potion            |       |     2 ||     2
   Stab: Sleeping          |     1 |     1 ||     2
 Armour: Animal skin       |    21 |     7 ||    28
         Ring mail         |       |     7 ||     7
  Dodge: Dodged            |    87 |    68 ||   155

Table legend: (Time is in decaauts)
 A = Elapsed time spent in this place.
 B = Non-inter-level travel time spent in this place.
 C = Inter-level travel time spent in this place.
 D = Time resting spent in this place.
 E = Time spent auto-exploring this place.
 F = Levels seen in this place.
 G = Mean time per level.
                   A        B        C        D        E       F      G
               +--------+--------+--------+--------+--------+-----+--------+
         Total |   2284 |   2239 |     45 |     99 |   1575 |   4 |  571.0 |
       Dungeon |   2284 |   2239 |     45 |     99 |   1575 |   4 |  571.0 |
               +--------+--------+--------+--------+--------+-----+--------+

Top non-repeatable levels by time:
     D:2: 1138 daAuts
     D:1: 718 daAuts
     D:6: 254 daAuts
     D:3: 172 daAuts
